 Dungeon Crawl Stone Soup version 0.31-a0-692-gf03d1854d5 (webtiles) character file.

Game seed: 4299636886656461607

63 qw the Shooter (level 4, -1/28 HPs)
             Began as a Gargoyle Hunter on Sept 6, 2023.
             Slain by Terence
             ... wielding a +4 hand axe of freezing
              (4 damage)
             ... on level 2 of the Dungeon.
             The game lasted 00:00:29 (818 turns).

qw the Shooter (Gargoyle Hunter)                     Turns: 818, Time: 00:00:29

Health: -1/28      AC:  8    Str: 15    XL:     4   Next: 9%
Magic:  4/4        EV: 10    Int:  9    God:
Gold:   61         SH:  0    Dex: 10    Spells: 3/3 levels left

rFire   . . .        a - +5 sling of Focus {speed, rC+ Dex-5 SInv Stlth+}
rCold   + . .        (no shield)
rNeg    + . .        k - +0 ring mail
rPois   inf          (no helmet)
rElec   +            (no cloak)
rCorr   .            (no gloves)
SInv    +            (no boots)
Will    .....        (no amulet)
Stlth   ++           (no ring)
HPRegen 0.24/turn    (no ring)
MPRegen 0.09/turn

%: no passive effects
@: about to teleport
A: sickness immunity, AC +3, negative energy resistance 1, electricity
resistance, torment resistance 1, petrification resistance
a: no special abilities


You were on level 2 of the Dungeon.
You visited 1 branch of the dungeon, and saw 2 of its levels.

You collected 61 gold pieces.


Innate Abilities, Weirdness & Mutations

You are immune to sickness and miasma.
Your stone body is resilient. (AC +3)
You are immune to poison.
You resist negative energy. (rN+)
You are resistant to electric shocks. (rElec)
You are resistant to unholy torment.
You are immune to petrification.


   Skills:
 - Level 3.0 Fighting
 + Level 5.0 Ranged Weapons
 - Level 1.1 Armour
 - Level 1.5 Dodging
 - Level 1.1 Stealth


You had 3 spell levels left.
You didn't know any spells.
Your spell library was empty.

Inventory:

Hand Weapons
 a - the +5 sling of Focus (weapon) {speed, rC+ Dex-5 SInv Stlth+}
   (You found it on level 2 of the Dungeon)

   Dex-5:     It affects your dexterity (-5).
   rC+:       It protects you from cold.
   SInv:      It lets you see invisible.
   Stlth+:    It makes you more stealthy.
Armour
 k - a +0 ring mail (worn)
Jewellery
 d - a ring of ice
Scrolls
 b - a scroll of enchant armour {unknown}
 e - 3 scrolls of immolation {unknown}
 j - a scroll of identify
Potions
 c - a potion of curing {unknown}
 f - a potion of might
 h - a potion of heal wounds {unknown}
 l - a potion of cancellation {unknown}
 m - a potion of mutation {unknown}

Dungeon Overview and Level Annotations

Branches:
Dungeon (2/15)

Altars:

Annotations:
D:2 Sigmund, Terence


Message History

804 |||
Found retreat position at -2,0 (floor) with 0 blocking monsters and 1 monsters attacking at destination at distance 2
804 ||| RETREATING.
You shoot a sling bullet. The sling bullet barely misses Sigmund.
Sigmund asks, "Do you like me?" Sigmund gestures at you while chanting.
You are confused.
Sigmund hits you from afar with a +0 scythe.
Sigmund hits you but does no damage.
You feel less confused. Sigmund hits you but does no damage.
Enter note: You shoot a sling bullet.
The sling bullet hits Terence.
Terence is lightly wounded.
Terence barely misses you.
You shoot a sling bullet.
The sling bullet closely misses Terence.
The sling bullet hits Sigmund.
Sigmund is severely wounded.
Sigmund completely misses you.
Terence hits you with a +4 hand axe of freezing!
Terence freezes you.
You shoot a sling bullet. The sling bullet hits Terence.
Terence is moderately wounded.
Terence hits you with a +4 hand axe of freezing.
Terence freezes you. Sigmund closely misses you.
You shoot a sling bullet.
The sling bullet hits Terence but does no damage.
Terence is moderately wounded.
Terence hits you with a +4 hand axe of freezing!
816 ||| READING scroll of teleportation.
As you read the scroll of teleportation, it crumbles to dust.
You feel strangely unstable. Sigmund barely misses you.
Terence hits you with a +4 hand axe of freezing.
You shoot a sling bullet. The sling bullet hits Terence.
Terence is heavily wounded.
You shoot a sling bullet. The sling bullet hits Terence.
Terence is severely wounded.
Terence hits you with a +4 hand axe of freezing.
You die...

### ... .@ ## ..
# #. @##.##. #..
).. ..
#.##)###.##.#
#....@@@?...#.#
....##.##......#
# #.##.###.## #
#.##.# ..
#.##.##.####.##
#..............
####.#########.
#.######
#......#


You could see Sigmund (invisible) and Terence.

Vanquished Creatures
  2 adders (D:2)
  A dart slug (D:1)
  4 ball pythons
  2 bats (D:1)
  4 endoplasms
  3 giant cockroaches
  9 goblins
  2 hobgoblins
  3 kobolds
  3 quokkas
  A frilled lizard (D:2)
  4 rats (D:1)
38 creatures vanquished.

Notes
Turn   | Place    | Note
-------+----------+-------------------------------------------
     0 | D:1      | qw the Gargoyle Hunter began the quest for the Orb.
     0 | D:1      | Reached XP level 1. HP: 12/12 MP: 1/1
     0 | D:1      | 0 ||| qw: Version: 0.3-a-76-g4403597
     0 | D:1      | 0 ||| qw: Game counter: 280
     0 | D:1      | 0 ||| qw: Melee chars always use a shield: true
     0 | D:1      | 0 ||| qw: God list: Okawaru
     0 | D:1      | 0 ||| qw: Allow faded altars: false
     0 | D:1      | 0 ||| qw: Do Orc after clearing Dungeon:15 true
     0 | D:1      | 0 ||| qw: Do second Lair branch before Depths: true
     0 | D:1      | 0 ||| qw: Lair rune preference: random
     0 | D:1      | 0 ||| qw: Goals: Normal
     0 | D:1      | 0 ||| PLANNING D:1-11
   169 | D:1      | Reached XP level 2. HP: 17/17 MP: 2/2
   310 | D:1      | Reached XP level 3. HP: 21/21 MP: 3/3
   346 | D:1      | Reached skill level 5 in Ranged Weapons
   518 | D:1      | 518 ||| UPGRADING to +0 ring mail.
   528 | D:1      | 528 ||| DROPPING +0 leather armour.
   529 | D:1      | 529 ||| READING 2 scrolls labelled DEONOYPTYT.
   530 | D:1      | 530 ||| READING 2 scrolls labelled JEWULASSIUCK.
   535 | D:1      | 535 ||| READING scroll labelled ADUANK MEYSUHU.
   536 | D:1      | 536 ||| READING 3 scrolls labelled DAPSIT EFOYWIR.
   537 | D:1      | 537 ||| READING scroll labelled TIEFOARICH.
   538 | D:1      | 538 ||| READING 2 scrolls of identify.
   538 | D:1      | 538 ||| IDENTIFYING clear potion
   539 | D:1      | 539 ||| DROPPING scroll of vulnerability.
   540 | D:1      | 540 ||| DROPPING scroll of butterflies.
   588 | D:2      | Identified the +5 sling of Focus {speed, rC+ Dex-5 SInv
                  | Stlth+}
   590 | D:2      | 590 ||| SWAPPING to +5 sling of Focus {speed, rC+ Dex-5
                  | SInv Stlth+}.
   591 | D:2      | 591 ||| DROPPING +0 shortbow.
   655 | D:2      | Reached skill level 1 in Armour
   772 | D:2      | Reached XP level 4. HP: 27/27 MP: 4/4
   788 | D:2      | Reached skill level 3 in Fighting
   796 | D:2      | Noticed Sigmund
   802 | D:2      | Noticed Terence
   804 | D:2      | 804 ||| RETREATING.
   815 | D:2      | HP: 6/28 [Terence/+4 hand axe of freezing (7)]
   816 | D:2      | 816 ||| READING scroll of teleportation.
   818 | D:2      | Slain by Terence

Levels and vault maps discovered:
D:1:      amcnicky_arrival_choice, layout_basic
D:2:      layout_loops_ring, minmay_domino_2, uniq_terence,
          uniq_crazy_yiuf_cottage, uniq_sigmund

Skill      XL: |  1  2  3  4 |
---------------+-------------+-----
Ranged Weapons | 5 |  5.0
Armour         | 1 |  1.1
Fighting       | 3 |  3.0
Dodging        | |  1.5
Stealth        | |  1.1

Action                     |  1- 3 |  4- 6 || total
---------------------------+-------+-------++-------
   Fire: Shortbow          |    70 |       ||    70
         Sling             |    21 |    15 ||    36
    Use: Scroll            |     6 |     1 ||     7
 Armour: Leather armour    |     4 |       ||     4
         Ring mail         |     6 |     8 ||    14
  Dodge: Dodged            |     9 |     4 ||    13

Table legend:
 A = Non-vault XP
 B = Vault XP
 C = Vault XP percentage of total XP
 D = Non-vault monster count
 E = Vault monster count
 F = Vault count percentage of total count
                 A         B        C        D         E       F
            +---------+---------+-------+---------+---------+-------
      Total |      87 |       3 |   3.3 |      36 |       2 |   5.3
            +---------+---------+-------+---------+---------+-------
        D:1 |      46 |       0 |   0.0 |      26 |       0 |   0.0
        D:2 |      41 |       3 |   6.8 |      10 |       2 |  16.7
            +---------+---------+-------+---------+---------+-------
